 Dungeon Crawl Stone Soup version 0.24-a0-459-g225fefd530 (webtiles) character file.

Game seed: 6320017724139552740

109 Peloso the Shield-Bearer (level 4, 0/40 HPs)
             Began as a Minotaur Fighter on June 28, 2019.
             Killed by divine providence
             ... invoked by an orc priest
              (12 damage)
             ... on level 3 of the Dungeon.
             The game lasted 00:02:59 (1861 turns).

Peloso the Shield-Bearer (Minotaur Fighter)         Turns: 1861, Time: 00:02:59

Health: 0/40       AC:  7    Str: 21    XL:     4   Next: 60%
Magic:  3/3        EV:  7    Int:  5    God:
Gold:   88         SH:  9    Dex: 10    Spells: 3/3 levels left

rFire    . . .     SeeInvis .   a - +0 long sword
rCold    . . .     Gourm    .   c - +0 shield
rNeg     . . .     Faith    .   b - +0 scale mail
rPois    .         Spirit   .   (helmet restricted)
rElec    .         Reflect  .   (no cloak)
rCorr    .         Harm     .   (no gloves)
MR       .....                  (no boots)
Stlth    ..........             (no amulet)
HPRegen  0.13/turn              (no ring)
MPRegen  0.08/turn              (no ring)

@: no status effects
A: retaliatory headbutt, horns 2
a: no special abilities


You were on level 3 of the Dungeon.
You were not hungry.

You visited 1 branch of the dungeon, and saw 3 of its levels.

You collected 88 gold pieces.

Inventory:

Hand Weapons
 a - a +0 long sword (weapon)
Missiles
 e - 24 poisoned darts (quivered)
Armour
 b - a +0 scale mail (worn)
 c - a +0 shield (worn)
Jewellery
 p - an uncursed ring of protection from cold {unknown}
Scrolls
 g - a scroll of enchant armour {unknown}
 h - 2 scrolls of remove curse {unknown}
 j - 2 scrolls of identify {unknown}
 k - a scroll of teleportation {unknown}
 n - 2 scrolls of blinking {unknown}
 o - a scroll of fear {unknown}
Potions
 d - 2 potions of might
 i - a potion of resistance {unknown}
 l - a potion of mutation {unknown}
 m - a potion of brilliance {unknown}
Comestibles
 f - 4 rations


   Skills:
 + Level 4.3 Fighting
 + Level 4.0 Long Blades
 + Level 4.0 Armour
 + Level 0.6 Dodging
 + Level 4.6 Shields


You had 3 spell levels left.
You didn't know any spells.
Your spell library was empty.

Dungeon Overview and Level Annotations

Branches:
Dungeon (3/15)

Altars:
Qazlal


Innate Abilities, Weirdness & Mutations

You reflexively headbutt those who attack you in melee.
You have a pair of horns on your head.


Message History

The orc priest is lightly wounded.
The orc priest begins to cast a cantrip, but forgets the words!
You hit the orc priest.
The orc priest is moderately wounded.
You block the orc priest's attack.
The orc priest invokes the aid of Beogh against you.
Beogh smites you!
* * * LOW HITPOINT WARNING * * *
You closely miss the orc priest.
The orc priest is moderately wounded.
You block the orc priest's attack.
You hit the orc priest.
The orc priest is heavily wounded.
The orc priest hits you but does no damage.
You hit the orc priest.
The orc priest is severely wounded.
The orc priest hits you but does no damage.
The orc priest mumbles some strange prayers to Beogh against you.
Beogh smites you!
You die... ......... #..###.. ## #..###.# ..# ......... ..# .#.###... ###.. ...# . .or. .#.# #oo

.#.# #o# .#.# #@#
...# #.# .### #.#
.###### ########.#
......# #........#
....#.# #.#####..#
....#.###.#####..#
.................#
#####.###.#####.##


You could see an orc priest, 3 orcs and a rat.

Vanquished Creatures
  5 adders (D:2)
  3 worms (D:2)
  A dart slug (D:1)
  A leopard gecko (D:2)
  An orc (D:3)
  9 bats
  A giant cockroach (D:2)
  8 goblins
  5 hobgoblins
  2 jackals (D:1)
  8 kobolds
  A ball python (D:2)
  2 frilled lizards
  9 rats
56 creatures vanquished.

Notes
Turn   | Place    | Note
-------+----------+-------------------------------------------
     0 | D:1      | Peloso the Minotaur Fighter began the quest for the Orb.
     0 | D:1      | Reached XP level 1. HP: 19/19 MP: 0/0
    66 | D:1      | Reached XP level 2. HP: 20/27 MP: 1/1
   307 | D:1      | Reached XP level 3. HP: 27/33 MP: 2/2
   897 | D:2      | Reached XP level 4. HP: 39/40 MP: 3/3
  1804 | D:3      | Found a stormy altar of Qazlal.
  1861 | D:3      | Killed from afar by an orc priest

Levels and vault maps discovered:
D:1:      lightli_molten_gateway, layout_basic, minmay_tetromino_o4
D:2:      minmay_angry_zag, layout_basic
D:3:      layout_loops_cross, corexii_item_surrounded_by_moat,
          grunt_qazlal_clouds

Skill      XL: |  1  2  3  4 |
---------------+-------------+-----
Shields        | 4 |  4.6
Fighting       | 4 |  4.3
Armour         | 4 |  4.0
Long Blades    | 3 4 |  4.0
Dodging        | |  0.6

Action                   |  1- 3 |  4- 6 || total
-------------------------+-------+-------++-------
Melee: Long sword        |    92 |    55 ||   147
       Headbutt          |    13 |    10 ||    23
  Eat: Chunk             |       |     3 ||     3
Armor: Scale mail        |    50 |    18 ||    68
Dodge: Dodged            |    25 |    14 ||    39
Block: Shield            |    60 |    30 ||    90
       Rpst.: Long sword |     7 |     6 ||    13

Table legend:
 A = Non-vault XP
 B = Vault XP
 C = Vault XP percentage of total XP
 D = Non-vault monster count
 E = Vault monster count
 F = Vault count percentage of total count
                 A         B        C        D         E       F
            +---------+---------+-------+---------+---------+-------
      Total |     117 |      40 |  25.5 |      49 |       7 |  12.5
            +---------+---------+-------+---------+---------+-------
        D:1 |      49 |       2 |   3.9 |      31 |       1 |   3.1
        D:2 |      63 |      38 |  37.6 |      16 |       6 |  27.3
        D:3 |       5 |       0 |   0.0 |       2 |       0 |   0.0
            +---------+---------+-------+---------+---------+-------
